 Dungeon Crawl Stone Soup version 0.17.2-1-ge4368a0 (webtiles) character file.

14 ololoev the Chopper (level 2, 0/22 HPs)
             Began as a Demonspawn Gladiator on July 25, 2016.
             Slain by an iguana (6 damage)
             ... on level 3 of the Dungeon.
             The game lasted 00:01:17 (216 turns).

ololoev the Chopper (Demonspawn Gladiator)           Turns: 216, Time: 00:01:18

Health: 0/22       AC:  4    Str: 15    XL:     2   Next: 31%
Magic:  2/2        EV: 12    Int:  9    God:
Gold:   23         SH:  0    Dex: 13    Spells: 0 memorised, 1 level left

rFire  . . .     SeeInvis .     a - +0 war axe
rCold  . . .     Clarity  .     b - +0 leather armour
rNeg   . . .     SustAt   .     (no shield)
rPois  .         Gourm    .     c - +0 helmet
rElec  .         Spirit   .     (no cloak)
rCorr  .         Warding  .     (no gloves)
rMut   .         Stasis   .     (no boots)
MR     .....                    (no amulet)
Stlth  +.........               (no ring)
                                (no ring)

@: not resistant to hostile enchantments, very unstealthy
A: powered by death 1
a: no special abilities


Innate Abilities, Weirdness & Mutations

You regenerate a little health from kills.

Inventory:

Hand Weapons
 a - a +0 war axe (weapon)
Missiles
 d - 2 throwing nets (quivered)
 g - 5 needles of frenzy
Armour
 b - a +0 leather armour (worn)
 c - a +0 helmet (worn)
Scrolls
 f - a scroll of enchant armour {unknown}
Comestibles
 e - a bread ration


   Skills:
 - Level 2.0 Fighting
 * Level 3.2 Axes
 + Level 1.9 Throwing
 + Level 0.5 Armour
 - Level 2.6 Dodging


You had one spell level left.
You didn't know any spells.


You were on level 3 of the Dungeon.
You were not hungry.

You visited 1 branch of the dungeon, and saw 3 of its levels.

You collected 23 gold pieces.

#####.# #.....
#####....#
##........##
#..........#
.#######...(...>..#
!.......@.........#
#####>l.(b...<...#
#r##..†.....## #..
##..#.####
#.##...##.#
.....####.# ......
..# ##.#.. ..#
..#.. ...#

Notes
Turn   | Place    | Note
--------------------------------------------------------------
     0 | D:1      | ololoev the Demonspawn Gladiator began the quest for the Orb.
     0 | D:1      | Reached XP level 1. HP: 16/16 MP: 1/1
   189 | D:3      | Reached skill level 3 in Axes
   201 | D:3      | Gained mutation: You regenerate a little health from kills. [demonic ancestry]
   201 | D:3      | Reached XP level 2. HP: 11/22 MP: 2/2
   213 | D:3      | Noticed an iguana
   216 | D:3      | Slain by an iguana

Dungeon Overview and Level Annotations

Branches:
Dungeon (3/15)

Altars:


Message History

Unknown command.
You hit the adder.
You kill the adder!
You have reached level 2!
Your demonic ancestry asserts itself...
A wave of death washes over you. The bat barely misses you.
The bat hits you but does no damage.
Things that are here:
a throwing net; an adder corpse
d - 3 throwing nets (gained 1)
The bat hits you but does no damage.
You closely miss the bat.
The bat is heavily wounded.
The bat barely misses you.
You closely miss the bat.
The bat is heavily wounded.
The bat hits you but does no damage.
You closely miss the bat.
The bat is moderately wounded.
The bat hits you but does no damage. The bat hits you but does no damage.
You barely miss the bat. The bat hits you.
You closely miss the bat. The bat closely misses you.
The bat hits you but does no damage.
You completely miss the bat. The bat closely misses you.
An iguana comes into view.
The iguana hisses angrily.
The bat hits you.
Found a ruby potion.
You barely miss the bat. The bat hits you but does no damage.
The iguana bites you.
A quokka comes into view.
The bat closely misses you.
Throwing (i - inventory):
d - 3 throwing nets (quivered)
Press: ? - help, Shift-Dir - straight line, f - bat
Aim: a bat You throw a throwing net.
The throwing net barely misses the bat.
The bat hits you. The iguana bites you.
You die...

You could see an iguana, a quokka and a bat.

Vanquished Creatures
  An adder (D:3)
  2 ball pythons (D:1)
  A bat (D:1)
  A giant newt (D:1)
  2 rats
7 creatures vanquished.

Action                   || total
-------------------------++-------
Melee: War axe           ||    41
Throw: Throwing net      ||     2
 Stab: Sleeping          ||     1

Vault maps used:
D:1:      dpeg_arrival_rhombus
D:2:      wad_woods_tower, first_bread, hangedman_decor_push, uniq_robin,
          uniq_crazy_yiuf_cottage
D:3:      nrook_mini_backslash, nemelex_diamond_rough_becter, uniq_iyjb,
          uniq_terence
